 Dungeon Crawl Stone Soup version 0.16-a0-4056-gee4db93 (webtiles) character file.

82 FishServ the Skirmisher (level 4, -6/30 HPs)
             Began as a Kobold Abyssal Knight on Feb 15, 2015.
             Was a Believer of Lugonu.
             Mangled by a river rat (9 damage)
             ... on level 4 of the Dungeon on Feb 20, 2015.
             The game lasted 00:09:26 (1538 turns).

FishServ the Skirmisher (Kobold Abyssal Knight)     Turns: 1538, Time: 00:09:26

Health: -6/30      AC:  4    Str:  7 (10) XL:     4   Next: 70%
Magic:  5/5        EV: 18    Int: 10      God:    Lugonu [**....]
Gold:   107        SH:  0    Dex: 18      Spells: 0 memorised, 3 levels left

rFire  . . .     SeeInvis .     n - +0 rapier
rCold  . . .     Clarity  .     b - +1 leather armour
rNeg   . . .     SustAb   .     (no shield)
rPois  .         Gourm    .     (no helmet)
rElec  .         Spirit   .     (no cloak)
rCorr  .         Warding  .     (no gloves)
rMut   .         Stasis   .     (no boots)
MR     .....                    (no amulet)
Stlth  +.........               l - +2 ring of dexterity
                                i - +3 ring of evasion

@: not resistant to hostile enchantments, very unstealthy
A: carnivore 3
a: Depart the Abyss, Bend Space, Renounce Religion


You were on level 4 of the Dungeon.
You worshipped Lugonu.
Lugonu was pleased with you.
You were not hungry.

You visited 1 branch of the dungeon, and saw 4 of its levels.
You visited the Abyss 1 time.

You collected 107 gold pieces.

Inventory:

Hand weapons
 a - a +1 short sword
 n - a +0 rapier (weapon)
Missiles
 h - 14 stones (quivered)
 o - 23 poisoned needles
Armour
 b - a +1 leather armour (worn)
Magical staves
 j - an uncursed staff of cold {unknown}
Jewellery
 g - an uncursed amulet of clarity {unknown}
 i - a +3 ring of evasion (left hand)
 l - a +2 ring of dexterity (right hand)
Magical devices
 q - a wand of polymorph (7)
Scrolls
 e - 5 scrolls of identify
Comestibles
 c - a meat ration
 f - a royal jelly
 p - a beef jerky


   Skills:
 - Level 4.4 Fighting
 * Level 4.1 Short Blades
 - Level 0.7 Armour
 - Level 3.2 Dodging
 - Level 2.0 Invocations


You had 3 spell levels left.
You didn't know any spells.

Dungeon Overview and Level Annotations

Branches:
Dungeon (4/15)
 Temple: D:4-7

Altars:
Okawaru

Shops:
D:4 ?


Innate Abilities, Weirdness & Mutations

You are small and have problems with some larger weapons.
You are carnivorous and can eat meat at any time.


Message History

You barely miss the river rat.
The river rat is severely wounded.
The river rat bites you but does no damage.
You closely miss the river rat.
The river rat is severely wounded.
The river rat misses you.
You hit the river rat but do no damage.
The river rat is severely wounded.
The river rat closely misses you.
You hit the river rat but do no damage.
The river rat is severely wounded.
The river rat bites you.
* * * LOW HITPOINT WARNING * * *
You closely miss the river rat.
The river rat is severely wounded.
The river rat closely misses you.
You hit the river rat.
The river rat is almost dead.
The river rat bites you!
You die...

### #.# #.# #.# ###
....#####.#####.###
...#.......##......#
...>........r@...# #
##.#####.##.##.#.#
#.#..........<.r...#
#.....#.##.##)#..#.#
.......#.#..........#
.....!..............######
.#.#.....)..##.#.#......?#
.#.#.....##.##.#.#.#####.#
.................#.#####.#


You could see a river rat.

Vanquished Creatures
  An adder (D:3)
  A gnoll (D:4)
  A giant mite (D:3)
  3 worms (D:3)
  2 giant geckos (D:1)
  2 orcs (D:3)
  A ball python (D:3)
  7 bats
  5 goblins
  A hobgoblin (D:3)
  2 jackals (D:2)
  4 kobolds
  A quokka (D:3)
  3 giant newts
  4 rats
38 creatures vanquished.

Notes
Turn   | Place    | Note
--------------------------------------------------------------
     0 | Abyss:1  | FishServ, the Kobold Abyssal Knight, began the quest for the Orb.
     0 | Abyss:1  | Reached XP level 1. HP: 14/14 MP: 1/1
     0 | Abyss:1  | Upgraded the game from 0.16-a0-4005-g3d13fd6 to 0.16-a0-4056-gee4db93
    24 | Abyss:1  | Found a corrupted altar of Lugonu.
    29 | Abyss:1  | Noticed a spatial maelstrom
    30 | D:1      | Escaped the Abyss
   169 | D:1      | Reached XP level 2. HP: 14/19 MP: 2/2
   470 | D:2      | Acquired Lugonu's first power
   567 | D:2      | Reached skill level 4 in Fighting
   567 | D:2      | Reached XP level 3. HP: 24/24 MP: 3/3
   895 | D:3      | Found an iron altar of Okawaru.
  1012 | D:3      | Reached XP level 4. HP: 25/30 MP: 5/5
  1357 | D:4      | Found Striamipp's Magic Scroll Shoppe.
  1357 | D:4      | Noticed a phantom
  1465 | D:4      | Acquired Lugonu's second power
  1494 | D:4      | HP: 1/30 [poisoned by a worker ant]
  1538 | D:4      | Mangled by a river rat

Action                   |  1- 3 |  4- 6 || total
-------------------------+-------+-------++-------
Melee: Short sword       |    93 |       ||    93
       Rapier            |    13 |    42 ||    55
Throw: Stone             |    33 |    16 ||    49
       Tomahawk          |     3 |    12 ||    15
Invok: Depart the Abyss  |     1 |       ||     1
       Bend Space        |       |     1 ||     1
Evoke: Wand              |       |     1 ||     1
  Use: Scroll            |     5 |     1 ||     6
       Potion            |       |     1 ||     1
  Eat: Chunk             |       |     2 ||     2
